 Dungeon Crawl Stone Soup version 0.31-a0-174-g85c54bcb58 (webtiles) character file.

Game seed: 11395007002207145301

4 Moral the Firebug (level 1, 0/13 HPs)
             Began as a Demonspawn Fire Elementalist on June 16, 2023.
             Slain by a quokka (4 damage)
             ... on level 1 of the Dungeon.
             The game lasted 00:00:31 (265 turns).

Moral the Firebug (Demonspawn Fire Elementalist)     Turns: 265, Time: 00:00:32

Health: 0/13       AC:  2    Str:  8    XL:     1   Next: 58%
Magic:  2/3        EV: 12    Int: 16    God:
Gold:   41         SH:  0    Dex: 13    Spells: 3/4 levels left

rFire   . . .        (no weapon)
rCold   . . .        (no shield)
rNeg    . . .        a - +0 robe
rPois   .            (no helmet)
rElec   .            (no cloak)
rCorr   .            (no gloves)
SInv    .            (no boots)
Will    .....        (no amulet)
Stlth   ++           (no ring)
HPRegen 0.22/turn    (no ring)
MPRegen 0.08/turn

%: no passive effects
@: no status effects
A: no striking features
a: no special abilities


You were on level 1 of the Dungeon.
You visited 1 branch of the dungeon, and saw 1 of its levels.

You collected 41 gold pieces.

Inventory:

Armour
 a - a +0 robe (worn)
Potions
 b - a potion of magic
 c - a potion of lignification {unknown}


   Skills:
 + Level 1.8 Dodging
 + Level 1.9 Stealth
 + Level 2.0 Spellcasting
 + Level 1.1 Conjurations
 + Level 2.7 Fire Magic


You had 3 spell levels left.
You knew the following spells:

 Your Spells              Type           Power      Damage    Failure   Level
a - Foxfire               Conj/Fire      28%        2x1d5     10%         1

Your spell library contained the following spells:

 Spells                   Type           Power      Damage    Failure   Level
 Scorch                   Fire           20%        2d6       10%         2
 Inner Flame              Hex/Fire       6%         N/A       34%         3
 Volatile Blastmotes      Fire/Tloc      12%        2d11      34%         3
 Flame Wave               Conj/Fire      7%         2d5       67%         4


Dungeon Overview and Level Annotations

Branches:
Dungeon (1/15)

Altars:


Message History

Casting: Foxfire (safe; 10% risk of failure)
Confirm with . or Enter, or press ? or * to list all spells.
You conjure some foxfire!
The foxfire hits the bat.
You kill the bat!
You see here a bat corpse.
Your foxfire dissipates! x2
Your foxfire dissipates!
You now have 41 gold pieces (gained 7).
Found a robe.
A quokka comes into view.
A quokka is nearby!
A quokka is nearby!
Casting: Foxfire (safe; 10% risk of failure)
Confirm with . or Enter, or press ? or * to list all spells.
You conjure some foxfire!
Your foxfire dissipates!
A bat comes into view.
Found a leather armour.
A ball python comes into view.
The bat barely misses you.
You see here a +0 robe.
You barely miss the quokka. The bat hits you.
The quokka bites you but does no damage.
The bat hits you but does no damage. The quokka completely misses you.
You barely miss the quokka. The bat hits you. The quokka bites you.
Casting: Foxfire (safe; 10% risk of failure)
Confirm with . or Enter, or press ? or * to list all spells.
There is not enough space to conjure foxfire!
You barely miss the quokka. The bat misses you. The quokka closely misses you.
The bat misses you.
You hit the quokka.
The quokka is moderately wounded.
The bat misses you. The bat hits you but does no damage. The quokka bites you.
You hit the quokka but do no damage.
The quokka is moderately wounded.
The bat hits you. The quokka closely misses you.
You hit the quokka.
The quokka is severely wounded.
The quokka bites you.
You die...

#........##
#......... #......≈≈
....... .....
######### .S.
#.......# #r#
#.......# #@# # ###
#.......####b#≈.###
..#
#.......##....≈≈....
#.#
#...†...##.##.≈#..##
#.###.......§..# .##
# #..#####...#.###
[# #..~.P##.#...# ..
#.P~~.##.##....# #.
#.P~~P##.##.##.# #.


You could see a quokka, a bat and a ball python.

Vanquished Creatures
  A goblin (D:1)
  A hobgoblin (D:1)
  A ball python (D:1)
  A bat (D:1)
  A kobold (D:1)
5 creatures vanquished.

Vanquished Creatures (collateral kills)
  2 foxfires (D:1)
2 creatures vanquished.

Vanquished Creatures (others)
  13 foxfires (D:1)
13 creatures vanquished.

Grand Total: 20 creatures vanquished

Notes
Turn   | Place    | Note
-------+----------+-------------------------------------------
     0 | D:1      | Moral the Demonspawn Fire Elementalist began the quest for
                  | the Orb.
     0 | D:1      | Reached XP level 1. HP: 13/13 MP: 3/3
   265 | D:1      | Slain by a quokka

Illustrated notes

Levels and vault maps discovered:
D:1:      dpeg_arrival_shrine, layout_rooms, chequers_serial_rivers_small_b,
          serial_bayou_lagoon_a

Action                     || total
---------------------------++-------
  Melee: Unarmed           ||    27
   Cast: Foxfire           ||    10
 Armour: Robe              ||     6
  Dodge: Dodged            ||    15

Table legend: (Time is in decaauts)
 A = Elapsed time spent in this place.
 B = Non-inter-level travel time spent in this place.
 C = Inter-level travel time spent in this place.
 D = Time resting spent in this place.
 E = Time spent auto-exploring this place.
 F = Levels seen in this place.
 G = Mean time per level.
                   A        B        C        D        E       F      G
               +--------+--------+--------+--------+--------+-----+--------+
         Total |    273 |    273 |      0 |      0 |    202 |   1 |  273.0 |
       Dungeon |    273 |    273 |      0 |      0 |    202 |   1 |  273.0 |
               +--------+--------+--------+--------+--------+-----+--------+

Top non-repeatable levels by time:
     D:1: 273 daAuts
